Map: Post-Youth LE

Players

BIizzard

  • Race: Terran Terran
  • League: Diamond
  • Spawn Location: 1:00

VOD

Have the link to the VOD?

Description

Fast Cyclone with FE

Time

  • Played on: April 16, 2024, 3:43 a.m.
  • Length: 4:36
Show
View Real Time Build Order
Export as new Build Order

BIizzard Terran 

Build Orders:  

Get SALT Encoding   

  12  0:13  Supply Depot  
  12  0:23  Refinery  
  12  0:45  Barracks  
  12  0:52  SCV  
  13  1:09  SCV  
  14  1:26  SCV  
  15  1:43  SCV  
  16  1:53  Factory  
  16  2:01  Orbital Command  
  16  2:15  Barracks Reactor  
  16  2:26  Supply Depot  
  16  2:37  SCV  
  17  3:00  SCV  
  18  3:10  Cyclone  
  18  3:11  Cyclone  
  18  3:17  SCV  
  23  3:34  SCV  
  24  3:50  Command Center  
  28  4:11  Supply Depot  
  28  4:17  SCV  
  29  4:24  Refinery  
Tags
 
Add a new tag
Caveats
  • Supply blocks, unpowered buildings, or Contaminate may cause inaccurate times.
  • Supply counts are checked every 10 seconds.